 Dungeon Crawl Stone Soup version 0.32-a0-42-ga30500b4d3 (webtiles) character file.

Game seed: 4190118748928210818

38 jlumianski the Ruffian (level 3, -3/42 HPs)
             Began as a Gnoll Shapeshifter on Feb 2, 2024.
             Slain by Sigmund
             ... wielding a +0 scythe
              (6 damage)
             ... on level 2 of the Dungeon.
             The game lasted 00:04:00 (838 turns).

jlumianski the Ruffian (Gnoll Shapeshifter)          Turns: 838, Time: 00:04:00

Health: -3/42      AC: 21    Str: 15    XL:     3   Next: 43%
Magic:  4/4        EV:  2    Int:  9    God:
Gold:   56         SH:  0    Dex: 11    Spells: 3/3 levels left

rFire   . .          .
                       - Unarmed
rCold   . . .        (no shield)
rNeg    . . .        f - melded +0 ring mail
rPois   +            (helmet currently unavailable)
rElec   .            (cloak currently unavailable)
rCorr   .            (gloves currently unavailable)
SInv    .            (boots currently unavailable)
Will    .....        (no amulet)
Stlth   +            h - ring of flight
HPRegen 0.27/turn    (no ring)
MPRegen 0.09/turn

%: no passive effects
@: tree-form
A: stationary, stasis, torment immunity, boosted hp, (fangs 1), strong nose,
distributed training
a: no special abilities


You were on level 2 of the Dungeon.
You were a tree.
You visited 1 branch of the dungeon, and saw 2 of its levels.

You collected 56 gold pieces.

Inventory:

Missiles
 n - 2 boomerangs (quivered)
Armour
 a - a +0 animal skin
 f - a +0 ring mail (melded)
Jewellery
 h - a ring of flight (left branch)
 l - a ring of resist corrosion
Talismans
 c - a beast talisman
 d - a flux talisman
Scrolls
 e - 2 scrolls of identify {unknown}
 g - 2 scrolls of immolation {unknown}
 i - a scroll of fear {unknown}
 k - a scroll of teleportation {unknown}
Potions
 j - a potion of curing {unknown}
 m - a potion of haste {unknown}


   Skills:
 + Level 2.6 Fighting
 + Level 0.8 Short Blades
 + Level 0.8 Long Blades
 + Level 0.8 Axes
 + Level 0.8 Maces & Flails
 + Level 0.8 Polearms
 + Level 0.8 Staves
 + Level 0.8 Ranged Weapons
 + Level 0.8 Throwing
 + Level 0.8 Armour
 + Level 4.5 Dodging
 + Level 0.8 Stealth
 + Level 0.8 Shields
 + Level 6.5 Unarmed Combat
 + Level 0.8 Spellcasting
 + Level 0.5 Conjurations
 + Level 0.5 Hexes
 + Level 0.5 Summonings
 + Level 0.5 Necromancy
 + Level 0.5 Translocations
 + Level 0.5 Fire Magic
 + Level 0.5 Ice Magic
 + Level 0.5 Air Magic
 + Level 0.5 Earth Magic
 + Level 0.5 Alchemy
 + Level 1.0 Invocations
 + Level 0.8 Evocations
 + Level 6.5 Shapeshifting


You had 3 spell levels left.
You didn't know any spells.
Your spell library was empty.

Dungeon Overview and Level Annotations

Branches:
Dungeon (2/15)

Altars:

Annotations:
D:2 Sigmund


Innate Abilities, Weirdness & Mutations

You are a tree.
Your roots penetrate the ground, keeping you stationary.
You cannot be teleported.
You are immune to unholy pain and torment.
Your maximum health is greatly increased.
Your equipment is partially melded.
((You have very sharp teeth.))
Your uncanny sense of smell can sniff out nearby items.
Your experience applies equally to all skills.


Message History

Sigmund is moderately wounded.
Sigmund barely misses you.
You barely miss Sigmund.
Sigmund is moderately wounded.
Sigmund points at you and mumbles some strange words.
The puff of flame misses you.
You miss Sigmund.
Sigmund is moderately wounded.
You bump into the rock wall.
You feel less confused. Sigmund hits you with a +0 scythe.
You punch Sigmund!
Sigmund is heavily wounded.
Sigmund closely misses you.
You closely miss Sigmund.
Sigmund is heavily wounded.
You punch Sigmund!
Sigmund is almost dead.
Sigmund casts a spell at you.
You are confused.
You bump into the rock wall.
Sigmund hits you with a +0 scythe.
You hit Sigmund. Your bite misses Sigmund.
Sigmund is almost dead.
Sigmund gestures wildly while chanting.
Sigmund flickers and vanishes!
Deactivating autopickup; reactivate with Ctrl-A.
You bump into the rock wall.
Something hits you.
You closely miss something.
A magic dart appears from out of thin air!
The magic dart hits you.
* * * LOW HITPOINT WARNING * * *
You feel less confused.
A magic dart appears from out of thin air!
The magic dart hits you.
* * * LOW HITPOINT WARNING * * *
Your transformation has ended.
You turn into a tree.
Your +0 ring mail melds into your body.
Your roots penetrate the ground.
Something hits you but does no damage. Something hits you.
You die...

.# #.. .#
##..####.##
#...#..... ##
.......###### #.
#.#.......... #..
#.#>#<.......
######...#........
.......♣..........
#
.#####..#{.###....
## #...##.##
####.###. #..#.
#.# #..... #.##.
#<# ####.. ... #.
#.# #.. ..# ## #.#
#.... .# ..#
....#.. .##
#####..


There were no monsters in sight!

Vanquished Creatures
  2 dart slugs (D:1)
  5 bats
  4 endoplasms
  A giant cockroach (D:1)
  6 goblins (D:1)
  4 hobgoblins
  2 quokkas (D:1)
  4 ball pythons
28 creatures vanquished.

Notes
Turn   | Place    | Note
-------+----------+-------------------------------------------
     0 | D:1      | jlumianski the Gnoll Shapeshifter began the quest for the
                  | Orb.
     0 | D:1      | Reached XP level 1. HP: 17/17 MP: 1/1
   118 | D:1      | Reached XP level 2. HP: 22/23 MP: 2/2
   358 | D:2      | Reached XP level 3. HP: 27/28 MP: 3/3
   543 | D:2      | Noticed Sigmund
   589 | D:1      | Reached skill level 1 in Invocations
   835 | D:2      | HP: 1/28 [something/magic dart (6)]
   838 | D:2      | Slain by Sigmund

Illustrated notes

Levels and vault maps discovered:
D:1:      amcnicky_arrival_double_pillar, layout_basic, minmay_pentomino_q2
D:2:      layout_rooms, uniq_natasha, uniq_sigmund

Skill      XL: |  1  2  3 |
---------------+----------+-----
Invocations    | 1 |  1.0
Fighting       | |  2.6
Short Blades   | |  0.8
Long Blades    | |  0.8
Axes           | |  0.8
Maces & Flails | |  0.8
Polearms       | |  0.8
Staves         | |  0.8
Ranged Weapons | |  0.8
Throwing       | |  0.8
Armour         | |  0.8
Dodging        | |  4.5
Stealth        | |  0.8
Shields        | |  0.8
Unarmed Combat | |  6.5
Spellcasting   | |  0.8
Conjurations   | |  0.5
Hexes          | |  0.5
Summonings     | |  0.5
Necromancy     | |  0.5
Translocations | |  0.5
Fire Magic     | |  0.5
Ice Magic      | |  0.5
Air Magic      | |  0.5
Earth Magic    | |  0.5
Alchemy        | |  0.5
Evocations     | |  0.8
Shapeshifting  | |  6.5

Action                     || total
---------------------------++-------
  Melee: Unarmed           ||    63
         Bite              ||     2
         Punch             ||     2
    Use: Potion            ||     1
 Armour: Animal skin       ||     2
         Ring mail         ||    34
         Skin              ||     2
  Dodge: Dodged            ||    40

Table legend: (Time is in decaauts)
 A = Elapsed time spent in this place.
 B = Non-inter-level travel time spent in this place.
 C = Inter-level travel time spent in this place.
 D = Time resting spent in this place.
 E = Time spent auto-exploring this place.
 F = Levels seen in this place.
 G = Mean time per level.
                   A        B        C        D        E       F      G
               +--------+--------+--------+--------+--------+-----+--------+
         Total |    834 |    810 |     24 |     95 |    356 |   2 |  417.0 |
       Dungeon |    834 |    810 |     24 |     95 |    356 |   2 |  417.0 |
               +--------+--------+--------+--------+--------+-----+--------+

Top non-repeatable levels by time:
     D:1: 728 daAuts
     D:2: 105 daAuts
